 Dungeon Crawl Stone Soup version 0.22.1-2-g9c5b331383 (webtiles) character file.

6461 Jerry the Carver (level 11, -2/87 HPs)
             Began as a Merfolk Fighter on Nov 25, 2018.
             Was an Initiate of Gozag.
             Killed from afar by a deep elf mage (7 damage)
             ... with a sticky flame
             ... on level 8 of the Dungeon.
             The game lasted 00:25:28 (8932 turns).

Jerry the Carver (Merfolk Fighter)                  Turns: 8932, Time: 00:25:28

Health: -2/87      AC: 19    Str: 19    XL:     11   Next: 0%
Magic:  20/20      EV: 12    Int:  9    God:    Gozag
Gold:   1267       SH:  0    Dex: 13    Spells: 10/10 levels left

rFire    . . .     SeeInvis .   z - +3 scimitar (freeze)
rCold    + . .     Gourm    .   (no shield)
rNeg     . . .     Faith    .   s - +3 chain mail {rC+}
rPois    .         Spirit   .   C - +1 helmet
rElec    .         Reflect  .   i - +1 cloak
rCorr    .         Harm     .   p - +1 pair of gloves
MR       .....                  (no boots)
Stlth    ..........             (no amulet)
HPRegen  0.24/turn              d - +2 ring of slaying
MPRegen  0.17/turn              b - ring of magical power

@: liquid flames, gold aura, glowing
A: change form in water, swift swim, stealthy swim
a: Potion Petition, Call Merchant, Bribe Branch, Renounce Religion


You were on level 8 of the Dungeon.
You worshipped Gozag.
Gozag was most pleased with you.
You were not hungry.

You visited 2 branches of the dungeon, and saw 9 of its levels.

You collected 1319 gold pieces.
You paid 52 gold pieces to Gozag.

Inventory:

Hand Weapons
 z - a +3 scimitar of freezing (weapon)
 F - a +2 rapier of holy wrath
Armour
 c - a +0 shield
 i - a +1 cloak (worn)
 p - a +1 pair of gloves (worn)
 s - a +3 chain mail of cold resistance (worn)
 u - a +2 plate armour of cold resistance
 C - a +1 helmet (worn)
Jewellery
 b - a ring of magical power (right hand)
 d - a +2 ring of slaying (left hand)
Wands
 y - a wand of flame (25)
 E - a wand of disintegration (16)
Scrolls
 a - a scroll of silence {unknown}
 e - 4 scrolls of teleportation
 g - 3 scrolls of identify
 k - 7 scrolls of remove curse
 l - 2 scrolls of enchant weapon {unknown}
 o - 2 scrolls of random uselessness {unknown}
 r - a scroll of immolation {unknown}
 t - 2 scrolls of noise {unknown}
 w - a scroll of magic mapping {unknown}
 D - a scroll of enchant armour {unknown}
Potions
 h - 2 potions of mutation
 j - 2 potions of invisibility {unknown}
 m - 5 potions of curing {unknown}
 n - a potion of haste {unknown}
 q - a potion of brilliance {unknown}
 v - 2 potions of flight {unknown}
 x - a potion of ambrosia {unknown}
 A - a potion of might
 B - 2 potions of degeneration {unknown}
Comestibles
 f - 8 rations


   Skills:
 + Level 8.7 Fighting
 * Level 11.3 Long Blades
 + Level 6.0 Armour
 + Level 9.4 Dodging
 - Level 3.0 Shields


You had 10 spell levels left.
You didn't know any spells.
Your spell library contained the following spells:

 Spells                   Type           Power        Failure   Level  Hunger
 Animate Skeleton         Necr           N/A          99%         1    ##.....
 Apportation              Tloc           #.....       99%         1    ##.....
 Confusing Touch          Hex            #.....       99%         1    ##.....
 Corona                   Hex            #......      99%         1    ##.....
 Magic Dart               Conj           #...         99%         1    ##.....
 Summon Butterflies       Summ           #.......     99%         1    ##.....
 Summon Small Mammal      Summ           #...         99%         1    ##.....
 Ensorcelled Hibernation  Hex/Ice        #.....       99%         2    ###....
 Searing Ray              Conj           #.....       99%         2    ###....
 Confuse                  Hex            #.......     100%        3    ####...
 Dazzling Spray           Conj/Hex       #.....       100%        3    ####...
 Lesser Beckoning         Tloc           #.........   100%        3    ####...
 Tukima's Dance           Hex            #.......     100%        3    ####...
 Force Lance              Conj/Tloc      #.......     100%        4    #####..
 Fulminant Prism          Conj/Hex       #.........   100%        4    #####..
 Iskenderun's Mystic Bla  Conj           #.......     100%        4    #####..
 Alistair's Intoxication  Tmut/Pois      #.......     100%        5    ######.
 Invisibility             Hex            #.......     100%        6    #######


Dungeon Overview and Level Annotations

Branches:
Dungeon (8/15)             Temple (1/1) D:4
   Lair: D:8-11

Altars:
Ashenzari
Cheibriados
Dithmenos
Elyvilon
Fedhas
Gozag
Hepliaklqana
Kikubaaqudgha
Makhleb
Nemelex Xobeh
Okawaru
Qazlal
Ru
Sif Muna
Trog
Uskayaw
Vehumet
Wu Jian
Xom
Yredelemnul
Zin
The Shining One

Shops:
D:8 }


Message History

The bolt of fire hits you!
* * * LOW HITPOINT WARNING * * *
There is an open door here.
Things that are here:
22 gold pieces; a giant spiked club; a giant club You closely miss the deep elf mage.
The deep elf mage hits you with a rapier.
* * * LOW HITPOINT WARNING * * *
You slash the deep elf mage! You freeze the deep elf mage.
The deep elf mage is heavily wounded.
You hit the deep elf mage. You freeze the deep elf mage.
The deep elf mage is heavily wounded.
The deep elf mage hits you but does no damage.
Your chain mail prevents you from hitting the deep elf mage.
The deep elf mage is heavily wounded.
The deep elf mage gestures at you while chanting.
The sticky flame hits you!
You are covered in liquid flames!
You die...
Your body crumbles into a pile of gold.

#'## #.# #.)##.#.#.# #.# #.#
#>.##.#.#.# #.#
#.################## #.##
#.#...)..... ...... ...##
#.#........) ...... ....#
#.#..############### ....#
#.#....(........# #.
#.#.##########.#.............###.
#.#............#@##########..##..
#.##############e.$...... #..#[..
#.# #.........$#...... #.#
#..#####.e##....## #.# #..#
#..####. #.# #..# #'##.... #.#
#..# ##....... #.# ####..#
#........ #.#### ##.##...
$##........


You could see a deep elf mage.

Vanquished Creatures
  2 two-headed ogres (D:8)
  Pikel (D:7)
  2 ugly things (D:8)
  A hippogriff (D:8)
  Sigmund (D:2)
  A spriggan (D:8)
  Menkaure (D:7)
  Duvessa (D:7)
  3 orc warriors (D:8)
  4 slaves (D:5)
  2 ice beasts
  An ogre (D:8)
  4 centaurs
  3 phantoms
  The ghost of gre3edy the Cutter, an amateur DsEn (D:3)
  A crocodile (D:8)
  A bullfrog (D:8)
  A big kobold (D:7)
  A wyvern zombie (D:6)
  A gnoll sergeant (D:8)
  Dowan (D:7)
  2 scorpions
  A killer bee (D:8)
  4 wights (D:7)
  3 crimson imps
  A quasit (D:5)
  4 jellies
  5 hounds
  A bullfrog skeleton (D:5)
  7 orc priests
  Crazy Yiuf (D:7)
  4 orc wizards
  2 iguanas
  Natasha (D:2)
  8 worker ants
  A hound skeleton (D:8)
  A howler monkey zombie (D:8)
  2 worker ant zombies
  A howler monkey skeleton (D:8)
  10 adders
  9 gnolls
  An ooze (D:2)
  An adder skeleton (D:4)
  A worm (D:3)
  3 dart slugs
  6 leopard geckos
  25 orcs
  2 bats
  6 giant cockroaches
  7 goblins
  9 hobgoblins
  13 jackals
  9 kobolds
  4 quokkas
  A ball python (D:1)
  8 frilled lizards
  A jackal skeleton (D:4)
  A leopard gecko skeleton (D:8)
  A quokka zombie (D:8)
  9 rats
210 creatures vanquished.

Notes
Turn   | Place    | Note
-------+----------+-------------------------------------------
     0 | D:1      | Jerry the Merfolk Fighter began the quest for the Orb.
     0 | D:1      | Reached XP level 1. HP: 18/18 MP: 1/1
   175 | D:1      | Reached XP level 2. HP: 19/24 MP: 2/2
   220 | D:1      | Reached skill level 1 in Dodging
   545 | D:1      | Reached XP level 3. HP: 26/29 MP: 3/3
   709 | D:1      | Reached skill level 3 in Long Blades
   933 | D:2      | Noticed Sigmund
  1157 | D:2      | Killed Sigmund
  1157 | D:2      | Reached skill level 4 in Long Blades
  1157 | D:2      | Reached XP level 4. HP: 13/37 MP: 4/4
  1157 | D:2      | Reached XP level 5. HP: 15/42 MP: 5/5
  1638 | D:2      | Found a white marble altar of Elyvilon.
  1836 | D:2      | Reached XP level 6. HP: 49/49 MP: 6/6
  1893 | D:3      | Noticed Natasha
  1909 | D:2      | Killed Natasha
  2045 | D:3      | Found a transporter.
  2066 | D:3      | Noticed gre3edy's ghost (amateur DsEn)
  2068 | D:3      | Found a transporter.
  2908 | D:3      | Killed gre3edy's ghost
  2908 | D:3      | Reached skill level 5 in Long Blades
  3041 | D:4      | Found a staircase to the Ecumenical Temple.
  3058 | Temple   | Entered the Ecumenical Temple
  3153 | Temple   | Became a worshipper of Gozag Ym Sagoz the Greedy
  3366 | D:4      | Reached XP level 7. HP: 53/55 MP: 7/7
  3768 | D:5      | Entered Level 5 of the Dungeon
  3849 | D:5      | Reached skill level 5 in Fighting
  4664 | D:6      | Reached skill level 6 in Long Blades
  5008 | D:6      | Reached XP level 8. HP: 63/63 MP: 8/8
  5270 | D:5      | Reached skill level 5 in Dodging
  5352 | D:6      | Found a radiant altar of Vehumet.
  5486 | D:6      | Reached skill level 7 in Long Blades
  5575 | D:6      | Found a bloodstained altar of Trog.
  5578 | D:6      | Found a snail-covered altar of Cheibriados.
  5873 | D:6      | Found a deep blue altar of Sif Muna.
  6076 | D:7      | Found an iron altar of Okawaru.
  6107 | D:7      | Noticed Prince Ribbit
  6107 | D:7      | Noticed Dowan
  6122 | D:7      | Killed Dowan
  6166 | D:7      | Noticed Menkaure
  6192 | D:7      | Killed Menkaure
  6192 | D:7      | Reached skill level 8 in Long Blades
  6192 | D:7      | Reached XP level 9. HP: 31/71 MP: 9/9
  6407 | D:7      | Found a runed door.
  6467 | D:7      | Noticed Duvessa
  6477 | D:7      | Killed Duvessa
  7008 | D:7      | Noticed Crazy Yiuf
  7008 | D:7      | Noticed Pikel
  7021 | D:7      | Killed Pikel
  7023 | D:7      | Killed Crazy Yiuf
  7088 | D:8      | Reached skill level 9 in Long Blades
  7624 | D:8      | Reached skill level 5 in Armour
  7800 | D:8      | Reached XP level 10. HP: 79/79 MP: 10/10
  7918 | D:8      | Noticed a two-headed ogre
  7979 | D:8      | Killed a two-headed ogre
  7979 | D:8      | Reached skill level 10 in Long Blades
  8156 | D:8      | Found Hatwonya's Gadget Shoppe.
  8359 | D:8      | Noticed a green ugly thing
  8359 | D:8      | Noticed a red ugly thing
  8373 | D:8      | Killed a red ugly thing
  8389 | D:8      | Killed a green ugly thing
  8432 | D:8      | Reached skill level 11 in Long Blades
  8904 | D:8      | Noticed a two-headed ogre
  8909 | D:8      | Noticed a deep elf mage
  8927 | D:8      | Killed a two-headed ogre
  8927 | D:8      | Reached XP level 11. HP: 26/87 MP: 11/11
  8932 | D:8      | Killed from afar by a deep elf mage

Skill      XL: |  1  2  3  4  5  6  7  8  9 10 |
---------------+-------------------------------+-----
Dodging        | 1 2 3 4 6 7 9 |  9.4
Long Blades    | 4 5 6 8 9 11 | 11.3
Fighting       | 4 5 6 7 8 |  8.7
Armour         | 3 4 5 6 |  6.0
Shields        | |  3.0

Action                   |  1- 3 |  4- 6 |  7- 9 | 10-12 || total
-------------------------+-------+-------+-------+-------++-------
Melee: Long sword        |    92 |   170 |   239 |       ||   501
       Scimitar          |       |       |   158 |   147 ||   305
Evoke: Wand              |       |       |     4 |     4 ||     8
  Use: Potion            |     1 |       |     1 |       ||     2
       Scroll            |       |       |     3 |       ||     3
 Stab: Distracted        |       |     1 |     3 |     2 ||     6
  Eat: Chunk             |       |     8 |       |       ||     8
       Ration            |       |       |     4 |     2 ||     6
Armor: Scale mail        |    69 |   103 |    12 |       ||   184
       Chain mail        |       |       |   205 |    59 ||   264
Dodge: Dodged            |    54 |   146 |   187 |    42 ||   429
       Rpst.: Long sword |    23 |    37 |    41 |       ||   101
       Scimitar          |       |       |    20 |     9 ||    29
